 Dungeon Crawl Stone Soup version 0.29.0-13-gc9e81de378 (webtiles) character file.

Game seed: 7592673002252398889

39 inqbanana the Ducker (level 3, 0/17 HPs)
             Began as a Felid Monk on Sept 9, 2022.
             Slain by a bat (1 damage)
             ... on level 3 of the Dungeon.
             The game lasted 00:02:50 (1558 turns).

inqbanana the Ducker (Felid Monk)                   Turns: 1558, Time: 00:02:51

Health: 0/17       AC:  1    Str:  7    XL:     3   Next: 28%
Magic:  5/5        EV: 19    Int: 13    God:
Gold:   82         SH:  0    Dex: 18    Spells: 3/3 levels left
                                        Lives:  0   Deaths: 0

rFire   . . .      SeeInvis +     - Unarmed
rCold   . . .      Faith    .   (shield unavailable)
rNeg    . . .      Spirit   .   (body armour unavailable)
rPois   .          Reflect  .   (helmet unavailable)
rElec   .          Harm     .   (cloak unavailable)
rCorr   .          Rampage  .   (gloves unavailable)
Will    .....                   (boots unavailable)
Stlth   +++.......              (no amulet)
HPRegen 0.05/turn               (no ring)
MPRegen 0.09/turn               (no ring)

@: lethally poisoned (0 -> -1), quick
A: very small, claws 1, fangs 3, see invisible, speed 1, shaggy fur 1, stealthy
paws, no weapons or thrown items, no armour, multi-lived
a: no special abilities


You were on level 3 of the Dungeon.
You visited 1 branch of the dungeon, and saw 3 of its levels.

You collected 82 gold pieces.

Inventory:

Armour
 i - a +2 pair of boots of rampaging
Scrolls
 a - a scroll of teleportation {unknown}
 c - a scroll of acquirement {unknown}
 f - 2 scrolls of identify {unknown}
 g - a scroll of noise {unknown}
 h - a scroll of magic mapping {unknown}
 j - a scroll of immolation {unknown}
Potions
 b - a potion of brilliance {unknown}
 d - 2 potions of heal wounds
 e - 2 potions of curing {unknown}


   Skills:
 + Level 3.2 Fighting
 + Level 4.3 Dodging
 + Level 3.3 Stealth
 * Level 3.5 Unarmed Combat
 + Level 0.7 Spellcasting


You had 3 spell levels left.
You didn't know any spells.
Your spell library contained the following spells:

 Spells                   Type           Power      Damage    Failure   Level
 Inner Flame              Hex/Fire       0%         N/A       65%         3
 Cause Fear               Hex            0%         N/A       96%         4
 Discord                  Hex            0%         N/A       100%        8


Dungeon Overview and Level Annotations

Branches:
Dungeon (3/15)

Altars:
Gozag


Innate Abilities, Weirdness & Mutations

You have sharp claws.
You have razor-sharp teeth.
You have supernaturally acute eyesight. (SInv)
You cover ground quickly. (Speed+)
You are covered in fur. (AC +1)
Your paws help you pounce on unaware monsters.
You are incapable of wielding weapons or throwing items.
You cannot wear armour.
You gain extra lives every three experience levels.


Message History

You are poisoned.
You feel very sick. The bat hits you but does no damage.
The bat barely misses you. The bat misses you. The hobgoblin barely misses you.
A dart slug comes into view.
There is an open door here.
You scratch the hobgoblin but do no damage.
You feel sick. The bat closely misses you. The bat completely misses you.
The hobgoblin hits you.
You scratch the hobgoblin.
The hobgoblin is moderately wounded.
You feel sick. The bat completely misses you. The bat misses you.
The bat barely misses you. The hobgoblin barely misses you.
You scratch the hobgoblin but do no damage.
Your bite misses the hobgoblin.
You feel sick. The bat misses you. x2
The hobgoblin closely misses you.
You scratch the hobgoblin but do no damage.
You feel sick. The bat misses you. The hobgoblin hits you.
* * * LOW HITPOINT WARNING * * *
You scratch the hobgoblin.
The hobgoblin is moderately wounded.
* * * LOW HITPOINT WARNING * * *
You feel sick. The bat hits you.
* * * LOW HITPOINT WARNING * * *
The bat closely misses you.
You closely miss the hobgoblin.
The hobgoblin is moderately wounded.
* * * LOW HITPOINT WARNING * * *
You feel sick. The bat closely misses you. The bat barely misses you.
The hobgoblin misses you. The bat closely misses you.
You scratch the hobgoblin but do no damage.
The hobgoblin is moderately wounded.
The bat misses you. x2; The bat completely misses you.
The bat misses you. The hobgoblin misses you.
You scratch the hobgoblin.
You kill the hobgoblin!
* * * LOW HITPOINT WARNING * * *
You feel sick. The bat misses you. The bat hits you but does no damage.
The bat hits you.
You die...

##...### #....
#..⌠...####....
##........######
#...........+
##........⌠.#
#...........#
##.⌠........#
#bb.........#
#@#........##
#(###...⌠..# #..
###...## w.⌠.
###.# ..... ##
....... ........
..........


You could see a dart slug and 2 bats.

Vanquished Creatures
  A worm (D:3)
  2 dart slugs (D:1)
  4 bats
  3 endoplasms
  A giant cockroach (D:1)
  3 goblins
  4 hobgoblins
  5 kobolds
  2 quokkas
  2 ball pythons
  2 frilled lizards (D:1)
  A rat (D:1)
30 creatures vanquished.

Vanquished Creatures (others)
  A fungus (D:1)
1 creature vanquished.

Grand Total: 31 creatures vanquished

Notes
Turn   | Place    | Note
-------+----------+-------------------------------------------
     0 | D:1      | inqbanana the Felid Monk began the quest for the Orb.
     0 | D:1      | Reached XP level 1. HP: 10/10 MP: 2/2
   290 | D:1      | Reached XP level 2. HP: 14/14 MP: 3/3
   982 | D:1      | Reached XP level 3. HP: 17/17 MP: 3/5
  1180 | D:1      | Found a faded altar of an unknown god.
  1375 | D:3      | Found an opulent altar of Gozag.
  1558 | D:3      | Slain by a bat

Illustrated notes

Levels and vault maps discovered:
D:1:      roderic_dead_forest, layout_loops_ring,
          shapermc_ecumenical_altar_acropolis, amcnicky_mini_pool_small,
          nicolae_titane
D:2:      layout_basic
D:3:      minmay_skewed_foursquare, layout_basic, grunt_gozag_breadcrumbs,
          nicolae_uskayaw_suspiria, nicolae_overflow_ecumenical_swirl

Skill      XL: |  1  2 |
---------------+-------+-----
Stealth        | 3 |  3.3
Fighting       | |  3.2
Dodging        | |  4.3
Unarmed Combat | |  3.5
Spellcasting   | |  0.7

Action                   || total
-------------------------++-------
Melee: Unarmed           ||    85
       Bite              ||     6
  Use: Potion            ||     5
 Stab: Sleeping          ||     9
Armor: Skin              ||     6
Dodge: Dodged            ||    97
